[Event "Marienbad A2-GM 2024"]
[Site "Marianske Lazne"]
[Date "2024.01.18"]
[Round "7.8"]
[White "Braeuer, Franz"]
[Black "Rasik, Vitezslav"]
[Result "0-1"]
[ECO "B80"]
[WhiteElo "2428"]
[BlackElo "2406"]
[Annotator "TA"]
[PlyCount "112"]
[EventDate "2024.01.10"]
[EventType "tourn"]
[EventCountry "CZE"]
[SourceTitle "playchess.com"]
[Source "ChessBase"]
[SourceQuality "1"]
[TimeControl "40/5400+30:1800+30"]

1. e4 c5 2. Nf3 e6 3. d4 cxd4 4. Nxd4 Nf6 5. Nc3 d6 6. Be3 Be7 7. Qe2 O-O 8. O-O-O Nc6 9. f4 Qc7 {[%emt 0:21:14] B82: Sicilian Scheveningen: 6 f4.} 10. g4 Nxd4 11. Rxd4 {[%emt 0:00:04] [#]} e5 $146 (11... d5 $1 $11 {keeps the balance.}) ({Predecessor:} 11... d5 12. e5 Nd7 13. Rd1 f6 14. exf6 Bxf6 15. Nb5 Qa5 16. g5 Be7 17. Kb1 Nc5 {1-0 Kazakouski,V (2524)-Manu David,S (2332) Helsingor Kronborg 2023 (3)}) 12. Rc4 $16 Qd8 13. g5 Ne8 14. f5 $2 (14. Qd2 $16) 14... Bxg5 $15 15. Rg1 Bxe3+ 16. Qxe3 {[%emt 0:00:01] [#]} d5 17. exd5 {[%emt 0:09:45][%mdl 64] Discovered Attack} (17. Nxd5 {feels hotter.} Bxf5 18. exf5 Qxd5 19. Rh4) 17... Bxf5 18. Qxe5 Bg6 19. h4 Qf6 (19... Nd6 $5 20. Rcg4 Re8 $11) 20. Qg3 (20. Qxf6 {simplifies} Nxf6 21. d6 Rad8 22. Rd4) 20... Nd6 21. Rf4 Qe5 22. Be2 Rac8 23. h5 {[%emt 0:04:28] [#]} Bxc2 {[%emt 0:00:42][%mdl 64] Decoy} 24. Kxc2 Qxe2+ 25. Kb3 (25. Kb1 $11 {remains equal.} Qe5 26. h6) 25... Qe5 $17 (25... Qxh5 $2 26. Qxg7#) 26. h6 g6 {[%emt 0:03:37] Chess con chili.} 27. Re1 Nf5 ({Better is} 27... Qh5 $17 28. Rh4 Nf5 29. Rxh5 Nxg3) 28. Rxe5 $11 Nxg3 29. Re7 (29. d6 $5 f5 30. d7 $11) 29... Rb8 $2 (29... Nf5 $15 {keeps the upper hand.} 30. Rxb7 Nxh6) 30. Rb4 (30. Ne4 $16 Nxe4 31. Rfxe4) 30... f5 $2 ({Black should play} 30... Nf5 $11 31. Rexb7 Rxb7 32. Rxb7 Nxh6) 31. Rg7+ $16 (31. Rexb7 $6 Rxb7 32. Rxb7 Rf7 33. Rb8+ Rf8 $11) 31... Kh8 32. Rgxb7 (32. Rbxb7 $6 Rxb7+ 33. Rxb7 f4 $11) (32. Rc4 $1 $16) 32... Rxb7 $11 33. Rxb7 $16 {[%emt 0:00:01][%cal Ob7c7][%mdl 4096] Endgame KRN-KRN} f4 34. Nd1 Nf5 35. Rxa7 (35. Nf2 $1 $15) 35... g5 $17 36. Nf2 {[%emt 0:00:36] aiming for Ng4.} Nxh6 37. Ne4 (37. Ra6 $142 Kg7 38. Ra5) 37... f3 $2 (37... g4 $19 {is more deadly.} 38. Ng5 f3 39. Rxh7+ (39. Nxh7 $2 f2 $19) 39... Kg8 40. Rxh6 f2 41. Rg6+ Kh8 42. Rh6+ Kg8) 38. d6 {[%emt 0:00:26][%cal Od6d7] [#]} (38. Nxg5 $2 f2 39. Rxh7+ Kg8 40. Rxh6 Rb8+ 41. Kc2 f1=Q $19) 38... f2 $1 39. Nxf2 {[%emt 0:00:18][%mdl 64] Deflection} Rf3+ 40. Kc4 Rxf2 $15 {[%emt 0:00:20] KRN-KR} 41. Re7 {[%emt 0:10:14] Strongly threatening d7.} Rd2 (41... Rxb2 $2 42. d7 Rd2 43. Re8+ Kg7 44. d8=Q (44. d8=R Rxa2 45. Ra8 Rxa8 $11) 44... Rxd8 45. Rxd8 $18) 42. d7 Ng8 {[%emt 0:00:58][%mdl 64] Deflection} 43. Re5 {[%emt 0:00:32][%mdl 8192] [#]} (43. Rf7 $1 $11 {and White stays safe.}) 43... h6 $1 $19 ({Weaker is} 43... Rxd7 44. Rxg5 Rc7+ 45. Kb5 $17) 44. a4 (44. Rd5 Rxd5 45. Kxd5 Nf6+ 46. Ke5 Nxd7+ 47. Kf5 Nb6 $19) 44... Rxd7 45. b4 Kg7 46. b5 Kf6 47. Re1 Ne7 {[%emt 0:01:09] Hoping for ...g4.} 48. a5 (48. Rf1+ {was worth a try.} Ke5 49. b6) 48... g4 49. a6 (49. b6 $142 h5 50. a6) 49... Nc8 {[%emt 0:04:26] White must now prevent ...g3.} 50. Kc5 Rc7+ 51. Kd4 g3 52. Rf1+ Kg5 {[%emt 0:02:01] ...Kg4 would be deadly.} 53. Rf8 h5 {[%emt 0:00:43][%cal Bh6h5,Bh5h4][%mdl 32] ...Kh4 is the strong threat.} 54. Ke3 Kg4 {[%emt 0:00:32] Black mates.} 55. Rg8+ Kh3 56. Kf3 h4 {[%emt 0:00:15] Weighted Error Value: White=0.92/Black=0.29 (precise)} 0-1

[Event "Marienbad A2-GM 2024"]
[Site "Marianske Lazne"]
[Date "2024.01.18"]
[Round "7.9"]
[White "Can, Isik"]
[Black "Agdelen, Huseyin Can"]
[Result "1-0"]
[ECO "B33"]
[WhiteElo "2500"]
[BlackElo "2409"]
[Annotator "TA"]
[PlyCount "87"]
[EventDate "2024.01.10"]
[EventType "tourn"]
[EventCountry "CZE"]
[SourceTitle "playchess.com"]
[Source "ChessBase"]
[SourceQuality "1"]
[TimeControl "40/5400+30:1800+30"]

1. e4 c5 2. Nf3 Nc6 3. d4 cxd4 4. Nxd4 Nf6 5. Nc3 e6 6. Ndb5 d6 7. Bf4 e5 8. Bg5 a6 9. Na3 b5 10. Nd5 Be7 11. Bxf6 Bxf6 12. c3 Rb8 13. Nc2 Bg5 14. a4 {[%emt 0:00:28] 14.Ncb4 is the modern continuation.} bxa4 {[%emt 0:00:05] B33: Sicilian: Pelikan and Sveshnikov Variations.} 15. Ncb4 Nxb4 16. cxb4 (16. Nxb4 $5 Bd7 17. Bxa6 $11 (17. Qxd6 Be7 $15)) 16... O-O {[%emt 0:00:45] The position is equal.} 17. Qxa4 Bb7 18. Bc4 Bxd5 (18... Qc8 $5 19. Qb3 Qg4 $11) 19. Bxd5 Qb6 {[%emt 0:01:39] [#]} 20. b3 $146 ({Predecessor:} 20. O-O Bd2 21. Qxa6 Qxa6 22. Rxa6 Bxb4 23. b3 Bc5 24. g3 g6 25. Kg2 Kg7 26. Rc6 Rfc8 27. Rxc8 Rxc8 28. Rc1 Rb8 29. Ra1 f5 30. f3 Kf6 31. h4 h5 {½-½ Zawadzka,J (2439)-Paehtz,E (2489) GRE-chT 46th 2018 (6.2)}) 20... Be3 21. O-O (21. fxe3 $2 {is the wrong capture.} Qxe3+ 22. Kd1 (22. Kf1 $2 Rfc8 $19) 22... Rfc8 $19) 21... Bd4 22. Ra2 Qxb4 23. Qxb4 Rxb4 24. Rxa6 Bc5 25. Ra4 Rfb8 26. Rfa1 g6 27. Kf1 Kg7 28. g4 f6 29. h4 Kh6 30. Rxb4 Rxb4 $11 {[%emt 0:00:14][%mdl 4096] Endgame KRB-KRB} 31. Bc4 Rb8 32. Ke2 Rf8 33. Be6 Re8 34. Bd5 Rb8 35. f3 Kg7 36. Ra6 Rc8 37. Kd3 g5 $2 {[%emt 0:01:31] [#] Black cannot hold the game after this.} (37... Kh6 $11 {and Black has nothing to worry.}) 38. h5 $1 $18 Kf8 $2 {[%emt 0:00:36] [#]} (38... h6 39. Be6 Rb8) 39. h6 $1 Ke7 {[%emt 0:00:21] [#]} (39... Ke8 $142 40. Be6 Rb8) 40. b4 $1 {[%emt 0:02:42][%mdl 576] Deflection. White is clearly winning.} Bxb4 (40... Bd4 41. Rc6) 41. Ra7+ {[%emt 0:30:58][%mdl 64] Skewer} Kf8 42. Rxh7 {[%emt 0:00:00] Rh8+ would kill now.} Rc3+ 43. Ke2 {[%emt 0:00:00] Rf7+ would be deadly.} Rc2+ 44. Kd1 {[%emt 0:00:00] Weighted Error Value: White=0.04 (flawless) /Black=0.33} 1-0

[Event "Marienbad A2-GM 2024"]
[Site "Marianske Lazne"]
[Date "2024.01.18"]
[Round "7.10"]
[White "Besou, Hussain"]
[Black "Plat, Vojtech"]
[Result "1/2-1/2"]
[ECO "B06"]
[WhiteElo "2277"]
[BlackElo "2516"]
[Annotator "TA"]
[PlyCount "80"]
[EventDate "2024.01.10"]
[EventType "tourn"]
[EventCountry "CZE"]
[SourceTitle "playchess.com"]
[Source "ChessBase"]
[SourceQuality "1"]
[TimeControl "40/5400+30:1800+30"]

1. e4 g6 2. d4 Bg7 3. Nc3 d5 4. exd5 Nf6 5. Bc4 Nbd7 6. Nf3 O-O {[%emt 0:00:34] B06: Modern Defence.} 7. O-O Nb6 8. Bb3 a5 {[%emt 0:00:21][%cal Oa5a4] White is slightly better.} 9. a4 Nbxd5 10. Nxd5 Nxd5 11. h3 b6 12. Re1 Bb7 13. c3 Qd6 14. Bg5 e6 15. Qd2 {[%emt 0:09:34] [#]} c5 $146 ({Predecessor:} 15... Rfe8 16. Rad1 f6 17. Bh4 Rad8 18. Bg3 Qd7 19. c4 Nb4 20. Qf4 Bxf3 21. Qxf3 f5 {½-½ Matko,O (2305)-Dizdarevic,E (2463) Bosnjaci op 22nd 2017 (5)}) 16. Rad1 Rfe8 17. dxc5 Qxc5 18. Nd4 Nf6 19. Be3 Qh5 {[%emt 0:07:08] [#]} (19... Rad8 $11) 20. Nb5 $1 $16 {[%emt 0:05:56] Threatens to win with Nc7.} Rab8 21. Bf4 ({Worse is} 21. Bxb6 Bxg2 22. Kxg2 Rxb6 $11) 21... Ne4 22. Rxe4 (22. Qc2 $142 Nc5 23. Bc4 (23. Bxb8 Rxb8 24. Nd6 Ba8 $14)) 22... Bxe4 23. Bxb8 Rxb8 {[%emt 0:00:03] [#]} 24. Qf4 $1 Qe5 25. Qxe5 Bxe5 {[%emt 0:00:03] A strong pair of Bishops.} 26. Re1 f5 27. Bxe6+ Kg7 28. Rd1 {[%emt 0:05:50] Inhibits Rd8.} Kf6 29. Bb3 Bc6 30. Bc4 g5 31. Be2 Rg8 32. Bf3 Bxf3 33. gxf3 $14 {[%emt 0:00:04][%mdl 4096] Endgame KRB-KRN} g4 34. fxg4 fxg4 35. Kg2 gxh3+ 36. Kxh3 h5 37. Rd7 Rg4 38. Rb7 (38. Nd4 $14) 38... Rxa4 $11 {[%emt 0:00:08] The position is equal.} 39. Rxb6+ Kg5 40. Nd4 Bxd4 {White really could win this.   Weighted Error Value: White=0.10 (very precise) /Black=0.14 (very precise)} 1/2-1/2

[Event "Marienbad A2-GM 2024"]
[Site "Marianske Lazne"]
[Date "2024.01.19"]
[Round "8.6"]
[White "Morris, James"]
[Black "Plat, Vojtech"]
[Result "0-1"]
[ECO "C50"]
[WhiteElo "2416"]
[BlackElo "2516"]
[Annotator "TA"]
[PlyCount "146"]
[EventDate "2024.01.10"]
[EventType "tourn"]
[EventCountry "CZE"]
[SourceTitle "playchess.com"]
[Source "ChessBase"]
[SourceQuality "1"]
[TimeControl "40/5400+30:1800+30"]

1. e4 e5 2. Nf3 Nc6 3. Bc4 Be7 4. O-O Nf6 5. d3 O-O 6. Nc3 d6 7. a4 {[%emt 0:00:19] 7.a3 is a critical line. C55: Two Knights: 4 d3, 4 d4 exd4 5 e5 and Max Lange Attack.} Bg4 8. h3 Bh5 9. Nd5 {[%emt 0:10:12] White has an edge.} Nxd5 10. Bxd5 {[%emt 0:00:04] [#]} Qc8 $146 ({Predecessor:} 10... Nb4 11. Bb3 a5 12. Kh1 Na6 13. g4 Bg6 14. Be3 c6 15. Qe2 b6 16. Rg1 Nc5 {½-½ Bartnik,A (2083)-Bolda,G (2278) W-ch WS/M/854 email 2022}) 11. c3 {[%emt 0:01:19] Against Nd4} (11. g4 $5 Bg6 $8 12. a5 $14) 11... Nd8 12. d4 c6 13. Bb3 Ne6 (13... Bf6 $11) 14. Be3 (14. dxe5 $16 dxe5 15. Qe2) 14... Ng5 15. Bxg5 Bxg5 16. Qd3 Bf6 17. d5 c5 18. Nd2 Be7 19. Bd1 Bxd1 20. Rfxd1 f5 {[%emt 0:00:06] Black is weak on the light squares} (20... Bg5 $11 {remains equal.}) 21. exf5 $1 $16 Rxf5 22. Ne4 Rf4 23. g3 Rf7 24. Kg2 Qc7 25. a5 Raf8 26. Qe2 a6 (26... Qd7 $14) 27. b4 cxb4 28. cxb4 Qd7 29. Rdb1 Rf3 30. b5 $1 $18 Qf5 31. bxa6 bxa6 32. Ra4 Qf7 33. Rd1 (33. Rb7 $142) 33... Rb3 $16 34. Rc4 Rb2 {[%emt 0:00:19][%mdl 64] Deflection} 35. Qg4 (35. Qxb2 Qf3+ 36. Kh2 Qxd1 $11) (35. Rd2 $1 $16 Rxd2 36. Qxd2) 35... Kh8 $36 {[%emt 0:02:38][%mdl 2048] Black has the initiative.} 36. Rc8 {[%emt 0:00:23] aiming for Rxf8+.} Bd8 37. Rc3 Bxa5 38. Rf3 (38. Rc8 {with more complications.} Bd8 39. Rc3 Rxf2+ 40. Nxf2 Qxf2+ 41. Kh1) 38... Qxf3+ 39. Qxf3 Rxf3 40. Kxf3 {[%emt 0:00:04][%mdl 4096] Endgame KRB-KRN} Bb4 (40... Rb3+ $11 {was preferrable.} 41. Ke2 Rb2+ 42. Kf3 Rb3+ 43. Ke2 Rb6) 41. Rc1 {[%emt 0:30:04][%cal Rc1c8][%mdl 1024] White has compensation.} h6 (41... Kg8 $11) 42. Kg4 $16 Kh7 (42... g6 $16) 43. h4 $1 $18 Re2 44. f3 Re3 45. Rc7 $1 {[%emt 0:00:00] Threatens to win with Nf6+.} Kg8 46. Kf5 Rxf3+ 47. Kg6 $1 Kf8 48. Rxg7 Re3 49. Rf7+ Ke8 50. Nf6+ Kd8 51. g4 a5 $2 (51... e4 {was worth a try.} 52. Rd7+ (52. Kxh6 Rh3 $14) 52... Kc8) 52. g5 hxg5 {[%emt 0:00:00] [#]} 53. h5 {[%emt 0:00:00][%cal Oh5h6] Strongly threatening h6!} Rh3 54. h6 e4 55. Nxe4 g4 56. Rf4 (56. h7 g3 57. Ng5 (57. Rf8+ Kc7 $16) 57... Rh2 $18) 56... g3 57. Rg4 {[%emt 0:00:00] Black must now prevent Ng5.} Be1 {[%emt 0:00:00] [#]} 58. h7 $1 {[%emt 0:02:15] Ng5 would be deadly.} (58. Nxd6 $6 a4 $14) 58... a4 $2 (58... Kd7 59. Nf6+ Kd8) 59. Ng5 (59. Nxd6 a3 60. Nf7+ Kd7 61. Ne5+ Kd8 62. Nf7+ Kd7 63. Ne5+ Kd8 64. Nf7+ $11) 59... Rh1 60. Nf7+ $2 ({Only move:} 60. Rxa4 $18 Bc3 61. Nf7+ Ke8 62. Ra8+ (62. Nxd6+ Kd7 $11) 62... Kd7 63. Ra7+ (63. h8=R $2 Bxh8 64. Ng5 g2 $19) (63. h8=Q $2 Rxh8 64. Ra7+ Kc8 $19) (63. h8=B $2 g2 $19) 63... Kc8 64. Ra3 (64. Nxd6+ Kb8 $11)) 60... Kd7 $11 {[%emt 0:00:00] And now ...a3 would win.} 61. Nh6 $1 (61. h8=R $2 Rxh8 62. Nxh8 a3 $19) 61... Bc3 62. Rxg3 Bb2 63. Ra3 {[%emt 0:01:53][%mdl 64] Deflection, Promotion} Rg1+ 64. Kf5 Ra1 (64... Bxa3 $2 65. h8=Q (65. h8=R $2 {too greedy.} Rh1 $19) 65... Rf1+ 66. Kg6 Rg1+ 67. Kf5 Rf1+ 68. Ke4 $18) 65. Rh3 ({Don't go for} 65. Rxa1 $2 Bxa1 66. Ng4 a3 $19) 65... a3 66. Rb3 {[%emt 0:00:07] White threatens Rb7+ and mate.} Kc7 {[%emt 0:02:36] Against Rb7+. ...Rf1+ is the strong threat.} 67. Kg4 $2 (67. Nf7 $11) 67... Rh1 $2 (67... a2 {( -> ...Rg1+)} 68. Ra3 Rg1+ 69. Kf3 Bxa3) 68. Rxb2 axb2 69. h8=Q {[%emt 0:00:01][%cal Oh8b2] White wants to mate with Qxb2!} b1=Q $19 {[%emt 0:00:13] KQR-KQN} (69... b1=B $2 70. Qc3+ Kb8 71. Qb4+ Kc7 72. Nf7 $18) 70. Qc3+ Kb8 71. Qh8+ $2 (71. Kg5 $19) 71... Kb7 {[%emt 0:00:03] Black mates.} 72. Qg7+ Ka6 73. Qf8 Qg1+ {[%emt 0:00:10] What a fight! A cool game by Plat.   Weighted Error Value: White=0.20 (precise) /Black=0.26 (precise)} 0-1

[Event "Marienbad A2-GM 2024"]
[Site "Marianske Lazne"]
[Date "2024.01.19"]
[Round "8.7"]
[White "Agdelen, Huseyin Can"]
[Black "Besou, Hussain"]
[Result "1/2-1/2"]
[ECO "B33"]
[WhiteElo "2409"]
[BlackElo "2277"]
[Annotator "RC"]
[PlyCount "108"]
[EventDate "2024.01.10"]
[EventType "tourn"]
[EventCountry "CZE"]
[SourceTitle "playchess.com"]
[Source "ChessBase"]
[SourceQuality "1"]
[TimeControl "40/5400+30:1800+30"]

1. e4 c5 2. Nf3 Nc6 3. d4 cxd4 4. Nxd4 Nf6 5. Nc3 e5 6. Ndb5 d6 7. Bg5 a6 8. Na3 b5 9. Nab1 Be7 10. Bxf6 Bxf6 11. a4 b4 12. Nd5 Bg5 13. Bc4 O-O 14. O-O Be6 15. Qd3 a5 16. c3 Rb8 17. Bb5 Bxd5 18. Qxd5 Ne7 19. Qb3 d5 20. Rd1 bxc3 21. bxc3 d4 22. g3 Ng6 23. cxd4 exd4 24. Nc3 Be7 25. Nd5 Bc5 26. Rac1 Qd6 27. Rc2 Ne5 28. Kg2 d3 29. Rcd2 Qg6 30. Re1 Qh6 31. f4 Ng4 32. h3 Nf6 33. Rxd3 Nxd5 34. Rxd5 Bb4 35. Rc1 Qe6 36. Qd3 g6 37. Rc6 Qe7 38. Rd7 Rbd8 39. Rxe7 Rxd3 40. Bxd3 Bxe7 41. Rc7 Rd8 42. Bb5 Kf8 43. Ra7 Rd2+ 44. Kf1 Rf2+ 45. Ke1 Bb4+ 46. Kd1 Rd2+ 47. Kc1 Rg2 48. Bc4 Rxg3 49. Rxf7+ Ke8 50. Bd5 Rxh3 51. e5 Rc3+ 52. Kb2 Rd3 53. Be6 Rd4 54. Rxh7 Rxf4 1/2-1/2

[Event "Marienbad A2-GM 2024"]
[Site "Marianske Lazne"]
[Date "2024.01.19"]
[Round "8.8"]
[White "Rasik, Vitezslav"]
[Black "Can, Isik"]
[Result "1/2-1/2"]
[ECO "B11"]
[WhiteElo "2406"]
[BlackElo "2500"]
[Annotator "TA"]
[PlyCount "38"]
[EventDate "2024.01.10"]
[EventType "tourn"]
[EventCountry "CZE"]
[SourceTitle "playchess.com"]
[Source "ChessBase"]
[SourceQuality "1"]
[TimeControl "40/5400+30:1800+30"]

1. e4 c6 2. Nc3 d5 3. Nf3 Bg4 4. h3 Bxf3 5. Qxf3 e6 6. Be2 Bc5 {[%emt 0:00:54] B11: Caro-Kann: Two Knights Variation.} 7. O-O Ne7 {[%emt 0:00:35][%cal Bg8e7,Be7g6,Bg6e5,Be5d3,Bd3c1][%mdl 32] [#]} 8. Re1 $146 (8. Na4 $5 Bd6 9. d4 $11) ({Predecessor:} 8. Rd1 Bd4 9. exd5 cxd5 10. Nb5 Nbc6 11. c3 Bf6 12. d4 a6 13. Na3 O-O 14. Bd3 {1-0 Saric,I (2657)-Anand,V (2754) Zagreb SuperUnited Blitz 2023 (9)}) 8... Nd7 9. Bf1 d4 10. Nb1 g5 11. d3 Ng6 12. Qh5 h6 13. Nd2 Nge5 14. a3 a5 15. Nb3 Bb6 16. c3 Nc5 {[%emt 0:01:03] A dynamic duo of knights.} 17. Nxd4 {[%emt 0:16:02] Black must now prevent Be3.} Ncxd3 18. Bxd3 Nxd3 19. Rd1 Nxc1 {[%emt 0:06:56] An uneventful encounter.   Weighted Error Value: White=0.08 (flawless) /Black=0.09 (flawless)} 1/2-1/2

[Event "Marienbad A2-GM 2024"]
[Site "Marianske Lazne"]
[Date "2024.01.19"]
[Round "8.9"]
[White "Lalic, Bogdan"]
[Black "Braeuer, Franz"]
[Result "1/2-1/2"]
[ECO "D55"]
[WhiteElo "2349"]
[BlackElo "2428"]
[Annotator "RC"]
[PlyCount "27"]
[EventDate "2024.01.10"]
[EventType "tourn"]
[EventCountry "CZE"]
[SourceTitle "playchess.com"]
[Source "ChessBase"]
[SourceQuality "1"]
[TimeControl "40/5400+30:1800+30"]

1. d4 Nf6 2. c4 e6 3. Nf3 d5 4. Bg5 Be7 5. Nc3 h6 6. Bxf6 Bxf6 7. e3 O-O 8. Rc1 c6 9. Bd3 Nd7 10. O-O dxc4 11. Bxc4 c5 12. Ne4 cxd4 13. Nxf6+ Nxf6 14. Qxd4 1/2-1/2

[Event "Marienbad A2-GM 2024"]
[Site "Marianske Lazne"]
[Date "2024.01.19"]
[Round "8.10"]
[White "Raczek, Krzysztof"]
[Black "Nguyen, Alex Dac-Vuong"]
[Result "1/2-1/2"]
[ECO "A33"]
[WhiteElo "2347"]
[BlackElo "2347"]
[Annotator "RC"]
[PlyCount "120"]
[EventDate "2024.01.10"]
[EventType "tourn"]
[EventCountry "CZE"]
[SourceTitle "playchess.com"]
[Source "ChessBase"]
[SourceQuality "1"]
[TimeControl "40/5400+30:1800+30"]

1. c4 c5 2. Nc3 Nf6 3. Nf3 Nc6 4. d4 cxd4 5. Nxd4 e6 6. Bf4 d5 7. Nxc6 bxc6 8. cxd5 exd5 9. e3 Be7 10. Bd3 O-O 11. O-O Be6 12. Rc1 c5 13. Qa4 Qb6 14. Be5 Rfd8 15. Qh4 h6 16. Na4 Qa5 17. Bc3 Qc7 18. Nxc5 Qxc5 19. Bxf6 Bxf6 20. Qxf6 Qxc1 21. Qxd8+ Rxd8 22. Rxc1 d4 23. e4 Bxa2 24. Ra1 Be6 25. Rxa7 Rb8 26. Ra4 Rxb2 27. Rxd4 g5 28. Kf1 Kg7 29. Be2 Kf6 30. f3 Ke5 31. Ra4 h5 32. Kf2 h4 33. Ke3 Rb3+ 34. Bd3 Rb2 35. Ra5+ Kf6 36. Be2 Rb3+ 37. Kf2 Rb2 38. Rc5 Rb1 39. Bd3 Rb2+ 40. Rc2 Rxc2+ 41. Bxc2 Ke5 42. Ke3 f6 43. g3 hxg3 44. hxg3 Bc4 45. f4+ gxf4+ 46. gxf4+ Ke6 47. Kf3 Kf7 48. Kg4 Kg6 49. Kg3 Kg7 50. Bd1 Bf7 51. Bg4 Bg6 52. Kf3 Kf8 53. Bc8 Bh5+ 54. Kg3 Kg7 55. Bb7 Bd1 56. Bd5 Bh5 57. Bb3 Be2 58. Kf2 Bg4 59. Ke3 Kf8 60. Kd4 Ke7 1/2-1/2

[Event "Marienbad A2-GM 2024"]
[Site "Marianske Lazne"]
[Date "2024.01.20"]
[Round "9.6"]
[White "Nguyen, Alex Dac-Vuong"]
[Black "Morris, James"]
[Result "1/2-1/2"]
[ECO "C11"]
[WhiteElo "2347"]
[BlackElo "2416"]
[Annotator "RC"]
[PlyCount "157"]
[EventDate "2024.01.10"]
[EventType "tourn"]
[EventCountry "CZE"]
[SourceTitle "playchess.com"]
[Source "ChessBase"]
[SourceQuality "1"]
[TimeControl "40/5400+30:1800+30"]

1. e4 e6 2. d4 d5 3. Nc3 Nf6 4. e5 Nfd7 5. f4 c5 6. Nf3 Nc6 7. Be3 Qb6 8. Na4 Qa5+ 9. c3 b6 10. Bd2 c4 11. b4 Nxb4 12. cxb4 Bxb4 13. Qc2 Bxd2+ 14. Nxd2 b5 15. Nc3 b4 16. Nce4 dxe4 17. Nxc4 b3+ 18. Nxa5 bxc2 19. Rc1 Nb6 20. g3 f5 21. Rxc2 Bd7 22. Kd2 Ke7 23. Ba6 Rab8 24. Rhc1 Nd5 25. Bb7 h6 26. Bxd5 exd5 27. Nc6+ Bxc6 28. Rxc6 Rb2+ 29. R1c2 Rhb8 30. Rc7+ Kf8 31. R7c5 R8b5 32. Rxb5 Rxb5 33. Rc8+ Ke7 34. Rc7+ Ke6 35. g4 fxg4 36. Rxg7 Rb2+ 37. Ke3 Rxa2 38. Rg6+ Kf7 39. f5 Ra3+ 40. Kf4 Rf3+ 41. Kxg4 h5+ 42. Kg5 e3 43. e6+ Ke7 44. Rg7+ Kd6 45. e7 Kd7 46. Kf6 e2 47. e8=Q+ Kxe8 48. Re7+ Kd8 49. Rxe2 a5 50. Ra2 Rf4 51. Ke5 Rh4 52. Kxd5 Ke7 53. Ke5 Rh3 54. Rxa5 Rxh2 55. Ra7+ Ke8 56. Ke6 Re2+ 57. Kf6 h4 58. Rh7 Rh2 59. Rh8+ Kd7 60. Kg7 h3 61. f6 Rg2+ 62. Kf8 h2 63. f7 Kd8 64. Rh3 Kd7 65. Rh5 Kd8 66. Rd5+ Kc7 67. Rc5+ Kd7 68. Rd5+ Kc7 69. Ke8 Re2+ 70. Re5 h1=Q 71. Rxe2 Qa8+ 72. Ke7 Qd8+ 73. Ke6 Qd7+ 74. Kf6 Qxd4+ 75. Kg6 Qg4+ 76. Kf6 Qxe2 77. f8=Q Qf3+ 78. Kg7 Qxf8+ 79. Kxf8 1/2-1/2

[Event "Marienbad A2-GM 2024"]
[Site "Marianske Lazne"]
[Date "2024.01.20"]
[Round "9.7"]
[White "Braeuer, Franz"]
[Black "Raczek, Krzysztof"]
[Result "1-0"]
[ECO "B45"]
[WhiteElo "2428"]
[BlackElo "2347"]
[Annotator "RC"]
[PlyCount "81"]
[EventDate "2024.01.10"]
[EventType "tourn"]
[EventCountry "CZE"]
[SourceTitle "playchess.com"]
[Source "ChessBase"]
[SourceQuality "1"]
[TimeControl "40/5400+30:1800+30"]

1. e4 c5 2. Nf3 Nc6 3. Nc3 e6 4. d4 cxd4 5. Nxd4 Nf6 6. Ndb5 Bc5 7. Bf4 O-O 8. Bc7 Qe7 9. Bd6 Bxd6 10. Qxd6 Qd8 11. O-O-O a6 12. Nd4 Ne7 13. Bd3 Ne8 14. Qg3 b5 15. e5 f5 16. Nxe6 dxe6 17. Be4 Qxd1+ 18. Rxd1 fxe4 19. Nxe4 Nd5 20. Qb3 Nec7 21. g3 Bb7 22. Nd6 Bc6 23. f4 a5 24. Rd4 a4 25. Qd3 Ne7 26. a3 Be8 27. Qc3 Ned5 28. Qd2 Bg6 29. g4 Ne7 30. Qg2 Rab8 31. h4 h5 32. gxh5 Bxh5 33. Qg5 Nf5 34. Rd2 Bf7 35. h5 Ne8 36. Ne4 Kh8 37. Rd7 b4 38. axb4 Nh6 39. Qe7 Kg8 40. c3 Bxh5 41. Nf6+ 1-0

[Event "Marienbad A2-GM 2024"]
[Site "Marianske Lazne"]
[Date "2024.01.20"]
[Round "9.8"]
[White "Can, Isik"]
[Black "Lalic, Bogdan"]
[Result "1/2-1/2"]
[ECO "C54"]
[WhiteElo "2500"]
[BlackElo "2349"]
[Annotator "ChessBase"]
[PlyCount "84"]
[EventDate "2024.01.10"]
[EventType "tourn"]
[EventCountry "CZE"]
[SourceTitle "playchess.com"]
[Source "ChessBase"]
[SourceQuality "1"]
[TimeControl "40/5400+30:1800+30"]

1. e4 e5 2. Nf3 Nc6 3. Bc4 Bc5 4. c3 Nf6 5. d4 exd4 6. e5 d5 7. Bb5 Ne4 8. cxd4 Bb6 9. Be3 O-O 10. Nc3 f6 11. exf6 Rxf6 12. O-O Bg4 13. Be2 Qd6 14. Nd2 Nxd2 15. Qxd2 Bxe2 16. Nxe2 Raf8 17. a4 a5 18. Nc1 Qb4 19. Rd1 Re6 20. Ne2 Qxd2 21. Rxd2 Ne7 22. Ng3 Rc6 23. Rb1 h6 24. h3 Re6 25. Rdd1 Ra8 26. Rd3 c6 27. Bd2 Bc7 28. Re1 Rxe1+ 29. Bxe1 b5 30. Ne2 Rb8 31. Rb3 bxa4 32. Rxb8+ Bxb8 33. Bxa5 Bd6 34. Kf1 a3 35. bxa3 Bxa3 36. Ke1 c5 37. dxc5 Bxc5 38. Nf4 Kf7 39. Ke2 Bd6 40. Nd3 Nc6 41. Bd2 h5 42. g4 hxg4 1/2-1/2

[Event "Marienbad A2-GM 2024"]
[Site "Marianske Lazne"]
[Date "2024.01.20"]
[Round "9.9"]
[White "Besou, Hussain"]
[Black "Rasik, Vitezslav"]
[Result "0-1"]
[ECO "B06"]
[WhiteElo "2277"]
[BlackElo "2406"]
[Annotator "RC"]
[PlyCount "190"]
[EventDate "2024.01.10"]
[EventType "tourn"]
[EventCountry "CZE"]
[SourceTitle "playchess.com"]
[Source "ChessBase"]
[SourceQuality "1"]
[TimeControl "40/5400+30:1800+30"]

1. d4 d6 2. e4 g6 3. Nc3 Bg7 4. Be3 c6 5. Qd2 b5 6. Bd3 Nd7 7. Nf3 Qc7 8. O-O Ngf6 9. Bh6 O-O 10. Ne2 e5 11. c3 Kh8 12. Bxg7+ Kxg7 13. Ng3 Ng8 14. a4 Rb8 15. axb5 cxb5 16. Qe3 a6 17. Nd2 Nb6 18. f4 Na4 19. Rab1 b4 20. c4 exd4 21. Qxd4+ f6 22. Nb3 Qb6 23. Rfd1 Qxd4+ 24. Nxd4 Nc5 25. b3 Bb7 26. Bc2 Nh6 27. Re1 Rfe8 28. Re2 Re7 29. Rbe1 Rbe8 30. Nf3 Ne6 31. Rd2 Nf7 32. f5 Nc5 33. Rde2 Ba8 34. h4 Rg8 35. fxg6 hxg6 36. h5 Kf8 37. hxg6 Rxg6 38. Nf5 Re8 39. Kf2 Rg4 40. Ng3 Bb7 41. Re3 Ke7 42. Rh1 Reg8 43. Nd4 Ng5 44. Ndf5+ Kd7 45. Rh4 Rxh4 46. Nxh4 Re8 47. Nh5 Kc7 48. Nf5 Ngxe4+ 49. Ke1 Re5 50. g4 Bc8 51. Nf4 Bxf5 52. gxf5 Nc3 53. Kd2 Rxe3 54. Kxe3 Kd7 55. Kd4 a5 56. Nh5 Ke7 57. Nf4 Ke8 58. Nd5 Nxd5 59. cxd5 a4 60. Kc4 axb3 61. Bxb3 Kd7 62. Kxb4 Kc7 63. Bc2 Kb6 64. Bb1 Na6+ 65. Kc4 Ka5 66. Bc2 Nc5 67. Bd1 Nd7 68. Bc2 Nb6+ 69. Kd4 Kb4 70. Bd3 Na4 71. Ba6 Nc5 72. Bc8 Nb3+ 73. Kd3 Kc5 74. Be6 Na5 75. Kc3 Nc4 76. Kd3 Nb6 77. Ke4 Kc4 78. Bf7 Na4 79. Be6 Nc3+ 80. Ke3 Kc5 81. Kd3 Nxd5 82. Ke4 Nb4 83. Bb3 d5+ 84. Ke3 Kd6 85. Kd4 Nc6+ 86. Kd3 Ke5 87. Ke3 Nd4 88. Bd1 Nxf5+ 89. Kd3 Nd4 90. Bh5 f5 91. Bd1 f4 92. Bg4 Ne6 93. Bf3 Kd6 94. Bg4 Nd8 95. Bh5 Kc5 0-1